 Dungeon Crawl Stone Soup version 0.32-a0-747-gc8563f6773 (webtiles) character file.

Game seed: 12880961174923252055

968 pokeman the Thaumaturge (level 7, 0/40 HPs)
             Began as a Deep Elf Hedge Wizard on Mar 17, 2024.
             Killed from afar by a white imp (4 damage)
             ... with a puff of frost
             ... on level 5 of the Dungeon.
             The game lasted 00:09:37 (5130 turns).

pokeman the Thaumaturge (Deep Elf Hedge Wizard)     Turns: 5130, Time: 00:09:38

Health: 0/40       AC: 10    Str:  7    XL:     7   Next: 93%
Magic:  16/21      EV: 17    Int: 21    God:
Gold:   198        SH:  0    Dex: 14    Spells: 16/24 levels left

rFire   . . .        t - +0 flail (venom)
rCold   . . .        (no shield)
rNeg    . . .        b - +0 robe
rPois   .            v - +0 helmet
rElec   .            r - +0 cloak
rCorr   .            j - +0 pair of gloves
SInv    .            c - +0 pair of boots
Will    .....        (no amulet)
Stlth   ++           e - +4 ring of protection
HPRegen 0.26/turn    i - +5 ring of evasion
MPRegen 0.17/turn

%: no passive effects
@: on blink cooldown
A: no striking features
a: no special abilities


You were on level 5 of the Dungeon.
You visited 1 branch of the dungeon, and saw 5 of its levels.

You collected 198 gold pieces.

Inventory:

Hand Weapons
 t - a +0 flail of venom (weapon)
Armour
 b - a +0 robe (worn)
 c - a +0 pair of boots (worn)
 j - a +0 pair of gloves (worn)
 r - a +0 cloak (worn)
 v - a +0 helmet (worn)
Magical Staves
 A - a staff of alchemy
Jewellery
 e - a +4 ring of protection (left hand)
 i - a +5 ring of evasion (right hand)
 x - a ring of willpower
 z - a +5 ring of evasion
Wands
 w - a wand of flame (13)
Scrolls
 a - 2 scrolls of noise {unknown}
 h - 7 scrolls of identify {unknown}
 k - a scroll of amnesia {unknown}
 m - a scroll of immolation {unknown}
 o - a scroll of revelation {unknown}
 q - a scroll of vulnerability {unknown}
 u - a scroll of teleportation {unknown}
 y - a scroll of enchant armour {unknown}
Potions
 d - a potion of magic
 f - 2 potions of mutation {unknown}
 g - 2 potions of curing {unknown}
 l - a potion of might {unknown}
 n - a potion of heal wounds {unknown}
 p - a potion of enlightenment {unknown}
 s - a potion of ambrosia {unknown}


   Skills:
 + Level 2.8 Fighting
 - Level 1.0 Armour
 - Level 3.1 Dodging
 - Level 3.0 Stealth
 * Level 9.2 Spellcasting
 + Level 4.7 Conjurations
 - Level 1.1 Summonings
 - Level 1.1 Translocations
 - Level 1.1 Air Magic
 - Level 1.1 Alchemy
 - Level 1.1 Evocations


You had 16 spell levels left.
You knew the following spells:

 Your Spells              Type           Power      Damage    Failure   Level
a - Magic Dart            Conj           100%       1d8       1%          1
b - Mephitic Cloud        Conj/Alch/Air  19%        N/A       9%          3
c - Call Imp              Summ           28%        N/A       7%          2
d - Blink                 Tloc           28%        N/A       7%          2

Your spell library contained the following spells:

 Spells                   Type           Power      Damage    Failure   Level
 Slow                     Hex            36%        N/A       7%          1
 Cigotuvi's Dreadful Rot  Necr/Alch/Air  24%        N/A       8%          2
 Tukima's Dance           Hex            9%         N/A       22%         3
 Passage of Golubria      Tloc           14%        N/A       41%         4
 Yara's Violent Unravell  Hex/Alch       5%         3d4       83%         5


Dungeon Overview and Level Annotations

Branches:
Dungeon (5/15)
 Temple: D:4-7

Altars:
Ashenzari
Okawaru
Trog

Shops:
D:3 ?   D:4 [

Annotations:
D:2 Potion behind rock
D:5 Eustachio


Message History

Your cerulean imp hits the ice beast with a -3 spear.
Unknown command.
You hit the ice beast.
The ice beast looks as sick as possible!
The ice beast is moderately wounded.
The ice beast hits you. The ice beast freezes you!
Your cerulean imp closely misses the ice beast.
The white imp misses your cerulean imp.
The ice beast hits you but does no damage.
You barely miss the ice beast.
The ice beast is heavily wounded.
Your cerulean imp hits the ice beast but does no damage.
The ice beast hits you. The ice beast freezes you.
The white imp closely misses your cerulean imp.
Your cerulean imp hits the ice beast but does no damage.
Unknown command.
You hit the ice beast.
The ice beast is severely wounded.
Eustachio laughs at nothing.
The ice beast hits you but does no damage.
The white imp closely misses your cerulean imp.
Your cerulean imp hits the ice beast but does no damage.
The white imp barely misses your cerulean imp.
The ice beast hits you. The ice beast freezes you!
* * * LOW HITPOINT WARNING * * *
You hit the ice beast but do no damage.
The ice beast is severely wounded.
You kill the ice beast!
Your cerulean imp closely misses the white imp.
The white imp gestures at you. The puff of frost hits you!
* * * LOW HITPOINT WARNING * * *
Your cerulean imp hits the white imp with a -3 spear.
Your Spellcasting skill increases to level 9!
Casting: Magic Dart (safe; 1% risk of failure)
Confirm with . or Enter, or press ? or * to list all spells.
You blink.
The white imp gestures at you. The puff of frost hits you.
You die...

..... ..<....
##.......
#........
##........
##......... #
##....<..?.. #
##5.......... #
##ยง.5.@..@....
##..###........
##########..##
####.$...
...........##
####
...........#
###....##...#
.#......##......
........###.....
.##...### #####


You could see Eustachio (confused), a white imp (ally target) and a friendly
cerulean imp (summoned).

Vanquished Creatures
  2 ice beasts (D:5)
  A black bear (D:4)
  4 scorpions
  Dowan (D:4)
  A bombardier beetle (D:5)
  A jelly (D:4)
  A hound (D:5)
  A gnoll bouda (D:4)
  4 gnolls
  3 adders
  5 dart slugs
  7 orcs
  5 bats
  5 endoplasms
  4 giant cockroaches
  11 goblins
  15 hobgoblins
  2 jackals (D:3)
  3 quokkas
  11 ball pythons
  2 frilled lizards
  10 kobolds
  4 rats
103 creatures vanquished.

Vanquished Creatures (collateral kills)
  Duvessa (D:4)
1 creature vanquished.

Grand Total: 104 creatures vanquished

Notes
Turn   | Place    | Note
-------+----------+-------------------------------------------
     0 | D:1      | pokeman the Deep Elf Hedge Wizard began the quest for the
                  | Orb.
     0 | D:1      | Reached XP level 1. HP: 10/10 MP: 7/7
   212 | D:1      | Reached XP level 2. HP: 16/16 MP: 0/9
   585 | D:1      | Reached skill level 5 in Spellcasting
   700 | D:1      | Reached XP level 3. HP: 20/20 MP: 5/11
   704 | D:1      | Learned a level 3 spell: Mephitic Cloud
   707 | D:1      | Learned a level 2 spell: Call Imp
   710 | D:1      | Learned a level 2 spell: Blink
  1053 | D:1      | Reached skill level 1 in Fighting
  1247 | D:2      | Reached skill level 1 in Armour
  1859 | D:2      | Reached XP level 4. HP: 25/25 MP: 6/13
  2128 | D:2      | Found a faded altar of an unknown god.
  2675 | D:3      | Found Xapiesav's Magic Scroll Emporium.
  2795 | D:3      | Found a broken altar of Ashenzari.
  2799 | D:3      | Found an iron altar of Okawaru.
  2804 | D:3      | Found a bloodstained altar of Trog.
  3612 | D:4      | Noticed Duvessa
  3619 | D:4      | Noticed Dowan
  3725 | D:4      | Reached skill level 6 in Spellcasting
  3725 | D:4      | Reached XP level 5. HP: 29/29 MP: 9/15
  3775 | D:4      | Reached skill level 1 in Air Magic
  3895 | D:4      | Found Siases Omaa's Antique Armour Shop.
  3983 | D:4      | Killed Duvessa
  3984 | D:4      | Reached skill level 1 in Alchemy
  3984 | D:4      | Reached skill level 1 in Evocations
  3984 | D:4      | Reached XP level 6. HP: 13/34 MP: 12/17
  3990 | D:4      | Killed Dowan
  3991 | D:4      | Reached skill level 7 in Spellcasting
  4187 | D:4      | Reached XP level 7. HP: 39/39 MP: 14/20
  4500 | D:4      | Reached skill level 8 in Spellcasting
  4809 | D:5      | Entered Level 5 of the Dungeon
  5110 | D:5      | Noticed Eustachio
  5130 | D:5      | Reached skill level 9 in Spellcasting
  5130 | D:5      | Killed from afar by a white imp

Illustrated notes

Levels and vault maps discovered:
D:1:      eino_arrival_cavern_a, layout_rooms, minmay_indecisive_spiral
D:2:      layout_basic, hellmonk_ecumenical_altar_inner_sanctum,
          minmay_surrounded
D:3:      corexii_shack_village, layout_loops_ring,
          grunt_temple_overflow_diamond, serial_shops, shop
D:4:      layout_loops_corners, serial_shops, shop, nicolae_eternal_life,
          minmay_diced_spiral, uniq_duvessa
D:5:      layout_cave_pods, kennysheep_nondescript, uniq_eustachio

Skill      XL: |  1  2  3  4  5  6  7 |
---------------+----------------------+-----
Spellcasting   | 5 6 7 9 |  9.2
Fighting       | 1 2 |  2.8
Armour         | 1 |  1.0
Conjurations   | 2 3 4 |  4.7
Stealth        | 3 |  3.0
Dodging        | 3 |  3.1
Air Magic      | 1 |  1.1
Alchemy        | 1 |  1.1
Evocations     | 1 |  1.1
Summonings     | |  1.1
Translocations | |  1.1

Action                     |  1- 3 |  4- 6 |  7- 9 || total
---------------------------+-------+-------+-------++-------
  Melee: Dagger            |    32 |       |       ||    32
         Short sword       |       |    65 |    12 ||    77
         Flail             |       |       |    17 ||    17
         Spear             |       |       |     2 ||     2
   Cast: Magic Dart        |   114 |    93 |    33 ||   240
         Mephitic Cloud    |       |     4 |     6 ||    10
         Call Imp          |       |     2 |     1 ||     3
         Blink             |       |       |     1 ||     1
   Stab: Confused          |       |     7 |     3 ||    10
 Armour: Robe              |    30 |    22 |    18 ||    70
  Dodge: Dodged            |    36 |    55 |    16 ||   107

Table legend: (Time is in decaauts)
 A = Elapsed time spent in this place.
 B = Non-inter-level travel time spent in this place.
 C = Inter-level travel time spent in this place.
 D = Time resting spent in this place.
 E = Time spent auto-exploring this place.
 F = Levels seen in this place.
 G = Mean time per level.
                   A        B        C        D        E       F      G
               +--------+--------+--------+--------+--------+-----+--------+
         Total |   5134 |   4967 |    167 |     91 |   4160 |   5 | 1026.8 |
       Dungeon |   5134 |   4967 |    167 |     91 |   4160 |   5 | 1026.8 |
               +--------+--------+--------+--------+--------+-----+--------+

Top non-repeatable levels by time:
     D:4: 1394 daAuts
     D:2: 1274 daAuts
     D:1: 1182 daAuts
     D:3: 956 daAuts
     D:5: 327 daAuts
